 Dungeon Crawl Stone Soup version 0.15.0-29-ga8e3430 (webtiles) character file.

148763 RobertPalmer the Fencer (level 16, -4/116 HPs)
             Began as a High Elf Ice Elementalist on Sept 11, 2014.
             Was the Champion of Dithmenos.
             Killed from afar by a thorn hunter (43 damage)
             ... with a volley of thorns
             ... on Level 5 of the Swamp on Sept 12, 2014.
             The game lasted 04:17:47 (58398 turns).

RobertPalmer the Fencer (HEIE)                     Turns: 58398, Time: 04:17:48

HP  -4/116       AC 17     Str 12      XL: 16   Next: 95%
MP  21/31        EV 26     Int 23      God: Dithmenos [******]
Gold 2048        SH  0     Dex 23      Spells:  5 memorised,  7 levels left

rFire  . . .     SeeInvis .     a - +0 great sword (drain)
rCold  + . .     Clarity  .     J - +3 leather armour of Inquiry {+Fly rC+ MR+ Stlth+}
rNeg   + . .     rCorr    .     (no shield)
rPois  +         rRot     .     n - +1 helmet {Int+3}
rElec  +         Spirit   .     Q - +0 cloak
SustAb .         Warding  +     S - +2 pair of gloves of Uddoanel {Stlth+}
rMut   .         Stasis   .     Z - +2 pair of boots {run}
Gourm  .                        d - amulet of warding
MR     ++...                    B - ring of Departure {rElec Stlth+}
                                p - ring of poison resistance

@: mighty, flying, wreathed by umbra, quick, very resistant to hostile
enchantments, incredibly stealthy
A: no striking features
a: Shadow Step, Shadow Form, Renounce Religion, Stop Flying


You were on level 5 of the Swamp.
You worshipped Dithmenos.
Dithmenos was exalted by your worship.
You were hungry.

You visited 5 branches of the dungeon, and saw 33 of its levels.
You also visited: Labyrinth, Sewer, Ice Cave and Volcano.

You collected 3393 gold pieces.
You spent 1345 gold pieces at shops.


   Skills:
 + Level 12.5 Fighting
 - Level 16.2 Long Blades
 - Level 8.2 Armour
 - Level 14.0 Dodging
 - Level 2.1 Stealth
 - Level 5.0 Spellcasting
   Level 1.1 Conjurations
 - Level 13.8 Charms
 - Level 3.7 Summonings
 - Level 13.7 Ice Magic
 - Level 5.3 Evocations


You had 7 spell levels left.
You knew the following spells:

 Your Spells              Type           Power        Failure   Level  Hunger
a - Ozocubu's Armour      Chrm/Ice       ######..     1%          3    ##.....
h - Haste                 Chrm           ######..     6%          6    #######
x - Summon Ice Beast      Ice/Summ       #####...     3%          4    ####...
y - Condensation Shield   Ice            ######....   1%          4    ####...
z - Freeze                Ice            ####         1%          1    None

Inventory:

Hand weapons
 a - a +0 great sword of draining (weapon)
 b - a +0 blowgun
Missiles
 t - 2 throwing nets (quivered)
 L - 68 poisoned needles
 X - 3 curare-tipped needles
Armour
 n - a +1 helmet of intelligence (worn)
 J - the +3 leather armour of Inquiry (worn) {+Fly rC+ MR+ Stlth+}
   (You bought it in a shop on level 6 of the Dungeon)

   It protects you from cold.
   It affects your resistance to hostile enchantments.
   It lets you fly.
   It makes you more stealthy.
 Q - a +0 cloak (worn)
 S - the +2 pair of gloves of Uddoanel (worn) {Stlth+}
   (You found it on level 3 of the Lair of Beasts)

   It makes you more stealthy.
 Z - a +2 pair of boots of running (worn)
Magical devices
 e - a wand of enslavement (11)
 g - a wand of paralysis (13)
 T - a wand of cold (0)
Comestibles
 c - 2 bread rations
 j - a rotting chunk of raven flesh {@*1}
 r - a rotting chunk of spriggan flesh {@*1}
 u - 17 meat rations
 A - 2 rotting chunks of swamp dragon flesh {@*1}
Scrolls
 y - 5 scrolls of enchant weapon
 z - a scroll of magic mapping
 C - 2 scrolls of fog
 F - a scroll of amnesia
 P - a scroll of summoning
 R - 2 scrolls of teleportation
 U - 11 scrolls of remove curse
 Y - a scroll of vulnerability
Jewellery
 d - an amulet of warding (around neck)
 f - an uncursed ring of protection from fire
 i - an uncursed ring of see invisible
 m - an uncursed ring of protection from magic
 o - an uncursed ring of invisibility
 p - a ring of poison resistance (left hand)
 q - an uncursed ring of fire
 s - an uncursed amulet of clarity
 B - the ring of Departure (right hand) {rElec Stlth+}
   (You found it on level 2 of the Swamp)

   [ring of stealth]

   It insulates you from electricity.
   It makes you more stealthy.
 M - an uncursed amulet of resist mutation
Potions
 h - 3 potions of heal wounds
 k - 3 potions of lignification {!q}
 l - 4 potions of cancellation
 v - 5 potions of berserk rage
 w - 4 potions of might
 x - 2 potions of curing
 G - 4 potions of magic
 H - a potion of cure mutation {unknown}
 I - a potion of porridge
 N - 6 potions of restore abilities
 O - a potion of resistance
 V - 4 potions of haste
 W - 3 potions of brilliance
Books
 E - a book of Ice
Miscellaneous
 D - a fan of gales

Dungeon Overview and Level Annotations

Branches:
Dungeon (15/15) Temple (1/1) D:5 Orc (4/4) D:12 Elf (0/3) Orc:3 Lair (8/8) D:10 Swamp (5/5) Lair:4 Spider (0/5) Lair:4 Slime (0/6) Lair:7 Lair:8 Vaults (0/5) D:14 Depths (0/5) D:15

Altars:
Cheibriados
Dithmenos
Fedhas
Makhleb
Okawaru
Vehumet
Xom
Yredelemnul
Zin
The Shining One
Beogh
Jiyva

Shops:
D:6 *   Orc:4 (%!*

Portals:
Trove: D:15 (give 6 scrolls of blinking)

Annotations:
D:2 Terence
D:5 Rafael's ghost, average DsEE
Swamp:3 Jorgrun

#≈#.≈#≈≈#≈## ♣..♣≈.≈..≈♣
#≈.#≈)#.##♣..♣≈.≈♣
...≈.#.≈#..i##♣≈...≈♣♣ ≈
...#≈≈#≈#.D#%##♣≈≈..≈♣♣♣
#≈.#≈#≈≈#≈≈###.#.##≈≈≈≈).≈≈
. ≈≈≈.≈≈≈..≈≈≈≈≈≈≈≈#≈≈≈≈≈[≈≈
.≈.#≈#.#.≈.###.♣≈#.#≈≈≈≈≈≈≈≈
≈..≈#.#≈?.###§#.#≈.#.≈≈≈≈≈≈♣
#§≈≈≈§§§f##@§§≈≈≈.§#≈≈≈≈≈≈≈♣
#§§§#§§§§≈≈≈≈.#≈≈≈≈≈≈≈.
#§##§f#Y§§≈.≈≈.#≈≈≈≈≈≈≈. #n
#§#.≈≈≈.#(#≈#.≈≈≈≈≈≈♣ #
#≈≈#≈≈.#.#≈##....≈≈≈♣
≈≈≈≈#≈≈≈≈.#≈#§≈.≈♣.≈≈≈≈
§.≈.≈≈≈#.≈≈#≈≈≈#≈≈≈♣♣♣♣≈♣
[≈≈§....≈.≈≈♣≈#≈.≈≈.♣ ♣♣♣
♣##♣♣##♣♣##♣♣#♣≈≈.≈≈≈≈♣


You could see a thorn hunter and a friendly ice beast.


Message History

The volley of thorns hits you!
* * * LOW HITPOINT WARNING * * *
You emit a cloud of dark smoke.
You hit the thorn hunter.
The thorn hunter is moderately damaged.
The thorn hunter hits you but does no damage.
The thorn hunter hits you!
* * * LOW HITPOINT WARNING * * *
Drink which item? (? for menu, Esc to quit)
You feel much better. The thorn hunter completely misses you.
The thorn hunter hits you!
* * * LOW HITPOINT WARNING * * *
You emit a cloud of dark smoke.
Drink which item? (? for menu, Esc to quit)
You feel much better. The thorn hunter completely misses you.
The thorn hunter barely misses you.
Drink which item? (? for menu, Esc to quit)
You feel very mighty all of a sudden.
The thorn hunter fires a volley of thorns at you.
The volley of thorns misses you. The thorn hunter hits you!!
* * * LOW HITPOINT WARNING * * *
You emit a cloud of dark smoke.
The thorn hunter completely misses you.
You hit the thorn hunter but do no damage.
The thorn hunter is moderately damaged.
You hit the thorn hunter.
The thorn hunter is moderately damaged.
The thorn hunter closely misses you. The thorn hunter barely misses you.
The thorn hunter fires a volley of thorns at you.
The volley of thorns hits you!
You die...

Action                   |  1- 3 |  4- 6 |  7- 9 | 10-12 | 13-15 | 16-18 || total
-------------------------+-------+-------+-------+-------+-------+-------++-------
Melee: Unarmed           |     2 |       |       |       |       |       ||     2
       Short sword       |   109 |   256 |   112 |       |       |       ||   477
       Long sword        |       |    71 |   309 |  1002 |    30 |       ||  1412
       Scimitar          |       |       |       |       |  1006 |       ||  1006
       Great sword       |       |       |       |       |  1630 |   948 ||  2578
 Fire: Blowgun           |       |       |    21 |    35 |   153 |    33 ||   242
Throw: Stone             |    19 |     7 |    18 |       |       |       ||    44
       Throwing net      |       |       |       |       |     2 |     1 ||     3
 Cast: Freeze            |    20 |    60 |    87 |   109 |   128 |    18 ||   422
       Ozocubu's Armour  |       |     9 |    27 |    49 |   106 |    30 ||   221
       Condensation Shie |       |     3 |    14 |    25 |    71 |    27 ||   140
       Summon Ice Beast  |       |       |    13 |   164 |   250 |   135 ||   562
       Haste             |       |       |       |       |       |     5 ||     5
Invok: Shadow Step       |       |       |       |       |     1 |       ||     1
 Abil: Evoke Flight      |       |       |       |       |     5 |    30 ||    35
Evoke: Wand              |       |       |       |    10 |     5 |     4 ||    19
       Rod               |       |       |       |       |     3 |       ||     3
       Fan of gales      |       |       |       |       |       |     1 ||     1
  Use: Scroll            |     4 |     1 |    11 |    23 |    17 |    15 ||    71
       Potion            |       |     3 |     5 |     3 |     8 |    21 ||    40
 Stab: Sleeping          |     2 |     5 |     6 |    38 |    59 |     9 ||   119
       Distracted        |       |       |     3 |    27 |    43 |    22 ||    95
       Petrified         |       |       |       |       |     6 |       ||     6
       Petrifying        |       |       |       |       |     2 |       ||     2
       Paralysed         |       |       |       |       |     5 |       ||     5
       Fleeing           |       |       |       |       |     1 |       ||     1
  Eat: Chunk             |     4 |    13 |    25 |    58 |   116 |    15 ||   231
       Pizza             |       |       |     1 |     4 |     1 |     2 ||     8
       Fruit             |       |       |     4 |    20 |       |     4 ||    28
       Beef jerky        |       |       |     1 |     8 |     9 |       ||    18
       Royal jelly       |       |       |       |       |     7 |     1 ||     8
       Bread ration      |       |       |       |       |     2 |     8 ||    10

Vault maps used:
D:1:      scummos_arrival_forest
D:2:      lightli_temple_of_fire, feat_on_display, uniq_terence
D:3:      lightli_sewer_entry_pipes
D:4:      first_bread
D:5:      minmay_temple_entry_glassed_door, kennysheep_another_room
D:6:      serial_shops, shop, uniq_sigmund
D:7:      statuecave_lemuel, overflow_temple_1_default
D:8:      lemuel_ratsnest, uniq_prince_ribbit1
D:9:      kennysheep_mini_moat, nicolae_overflow_hidden_temple,
          hangedman_pestilent_swarm, due_unseen_surprise
D:10:     grunt_lair_entry_elf_guard_hut, basic_altar
D:11:     roderic_aztec_sauvastika, serial_bayou_pond_b, serial_park_tiny_1,
          minmay_misc_feat_iff
D:12:     minmay_orc_entry_guard_dogs, uniq_nessos, uniq_maurice
D:13:     lemuel_flame_loot_2, kennysheep_potato, uniq_psyche
D:14:     lightli_vaults_fourway_checkpoint
D:15:     gammafunk_enter_depths_forms, minmay_misc_feat_enclosed,
          nicolae_trove_entry_columns, elves_outpost_lemuel, uniq_roxanne
Temple:   zaba_magenta_temple_12
Orc:1:    basic_altar
Orc:2:    serial_shops, nicolae_shop_waterfront, basic_altar
Orc:3:    nicolae_orc_pool_cavern, uniq_fannar
Orc:4:    st_orc_pillars, uniq_erolcha, uniq_urug, uniq_joseph
Lair:1:   serial_bayou_lake_a, grunt_megastairs_3, uniq_gastronok
Lair:2:   basic_altar, lightli_volcano_entry_magma_tube, st_stairs_10
Lair:3:   beast_lair_carwin_large_4, serial_bayou_shore_a
Lair:4:   nicolae_swamp_entry_splash_gauntlet, spider_nest_entry_funnel_web,
          basic_altar
Lair:5:   dragon1_lemuel, uniq_harold
Lair:6:   lab_entry_generic, st_stairs_6, minmay_lair_drake_nest, uniq_maud
Lair:7:   kennysheep_rathole, slime_altar_1, bh_autumn_forest_stairs
Lair:8:   grunt_lair_end_beastmaster, minmay_slime_entry_jelly_boxes,
          special_room, st_stairs_10
Swamp:1:  evilmike_swamp_ruin_house_6, swamp_pool1
Swamp:2:  evilmike_swamp_ruin_rubble_2, swamp_pool4, roderic_ravens_nest
Swamp:3:  evilmike_swamp_ruin_house_4, infiniplex_staircase_pool_2,
          uniq_frances, uniq_aizul, uniq_jorgrun
Swamp:4:  evilmike_swamp_ruin_house_5, swamp_pool3, cheibrodos_swamp_slimy
Swamp:5:  swamp_vile, portal_ice_cave_entry_ice_beasts
Lab:      nicolae_lab_dead_adventurers, lab_statue, nicolae_lab_dead_end
Sewer:    sewer_co_scattered_pipes
IceCv:    ice_cave_small_demon
Volcano:  volcano_grotto

Notes
Turn   | Place    | Note
--------------------------------------------------------------
     0 | D:1      | RobertPalmer, the High Elf Ice Elementalist, began the quest for the Orb.
     0 | D:1      | Reached XP level 1. HP: 11/11 MP: 4/4
   555 | D:1      | Reached XP level 2. HP: 17/17 MP: 4/6
  1105 | D:1      | Reached skill level 1 in Armour
  1105 | D:1      | Reached XP level 3. HP: 17/21 MP: 5/8
  1678 | D:2      | Identified a +1 pair of boots of running (You found it on level 2 of the Dungeon)
  1764 | D:2      | Learned a level 3 spell: Ozocubu's Armour
  1884 | D:2      | Reached skill level 2 in Armour
  1988 | D:2      | Noticed Terence
  2490 | D:2      | Found a burning altar of Makhleb.
  2671 | D:3      | Reached skill level 1 in Long Blades
  2741 | D:3      | Reached XP level 4. HP: 27/27 MP: 11/11
  3072 | D:3      | Found a glowing drain.
  3079 | Sewer    | Entered a sewer
  3204 | Sewer    | Reached skill level 4 in Ice Magic
  4601 | D:4      | Noticed an ogre
  4603 | D:4      | Killed an ogre
  4603 | D:4      | Reached skill level 5 in Ice Magic
  4603 | D:4      | Reached XP level 5. HP: 13/31 MP: 10/12
  4868 | D:4      | Noticed Psiweapon's ghost (experienced GrTm)
  4888 | D:5      | Entered Level 5 of the Dungeon
  4891 | D:5      | Noticed Rafael's ghost (average DsEE)
  4998 | D:4      | Reached skill level 6 in Ice Magic
  4998 | D:4      | Reached XP level 6. HP: 4/36 MP: 5/15
  5552 | D:5      | Learned a level 4 spell: Condensation Shield
  5744 | D:5      | Reached skill level 2 in Long Blades
  5834 | D:5      | Reached skill level 3 in Long Blades
  5891 | D:5      | Noticed a sky beast
  5902 | D:5      | Killed a sky beast
  5902 | D:5      | Reached skill level 4 in Long Blades
  5902 | D:5      | Reached XP level 7. HP: 22/41 MP: 15/17
  6348 | D:5      | Found a staircase to the Ecumenical Temple.
  6372 | D:5      | Reached skill level 5 in Long Blades
  6379 | Temple   | Entered the Ecumenical Temple
  6384 | Temple   | Became a worshipper of Dithmenos the Shadowed
  6787 | D:5      | Noticed an ogre
  6848 | D:5      | Reached skill level 6 in Long Blades
  7031 | D:5      | Noticed an ogre
  7048 | D:5      | Killed an ogre
  7435 | D:5      | Noticed an ice beast
  7449 | D:5      | Killed an ice beast
  7449 | D:5      | Reached skill level 7 in Long Blades
  7662 | D:6      | Reached XP level 8. HP: 16/46 MP: 18/18
  7864 | D:6      | Noticed Sigmund
  7970 | D:6      | Killed Sigmund
  7970 | D:6      | Reached skill level 8 in Long Blades
  8022 | D:6      | Identified a -2 rod of shadows (14/14) (You found it on level 6 of the Dungeon)
  8098 | D:6      | Found Taol's General Store.
  8113 | D:6      | Bought a potion of curing for 20 gold pieces
  8210 | D:6      | Reached skill level 9 in Long Blades
  8765 | D:7      | Reached skill level 10 in Long Blades
  9327 | D:7      | Found an iron altar of Okawaru.
  9381 | D:7      | Reached skill level 7 in Ice Magic
  9765 | D:7      | Reached skill level 8 in Ice Magic
  9789 | D:7      | Reached XP level 9. HP: 46/51 MP: 20/20
  9827 | D:7      | Learned a level 4 spell: Summon Ice Beast
  9836 | D:8      | Noticed Prince Ribbit
  9863 | D:8      | Got a faintly glowing short sword
  9865 | D:8      | Identified the cursed -1 short sword "Empaucov" {freeze, rPois rF++} (You found it on level 8 of the Dungeon)
  9886 | D:8      | Reached skill level 1 in Summonings
  9889 | D:8      | Acquired Dithmenos' first power
 10574 | D:8      | Reached skill level 2 in Summonings
 10642 | D:8      | Killed Prince Ribbit
 10642 | D:8      | Reached skill level 3 in Summonings
 11176 | D:9      | Killed a pile of gold mimic
 11444 | D:9      | Reached skill level 11 in Long Blades
 11920 | D:9      | Acquired Dithmenos' second power
 11925 | D:9      | Reached skill level 12 in Long Blades
 11973 | D:9      | Found a glowing golden altar of the Shining One.
 12060 | D:9      | Reached skill level 3 in Dodging
 12298 | D:9      | Reached skill level 4 in Dodging
 12308 | D:9      | Reached XP level 10. HP: 54/56 MP: 9/21
 12447 | D:9      | Found a snail-covered altar of Cheibriados.
 12556 | D:9      | Reached skill level 5 in Dodging
 13069 | D:9      | Reached skill level 6 in Dodging
 13565 | D:5      | Killed an ogre
 13780 | D:4      | Killed Psiweapon's ghost
 13780 | D:4      | Reached skill level 7 in Dodging
 13982 | D:4      | Noticed an ice beast
 13993 | D:4      | Killed an ice beast
 14158 | D:4      | Noticed an ogre
 14174 | D:4      | Killed an ogre
 14389 | D:6      | Bought the +3 leather armour of Inquiry {+Fly rC+ MR+ Stlth+} for 415 gold pieces
 14526 | D:10     | Entered Level 10 of the Dungeon
 14691 | D:10     | Reached skill level 8 in Dodging
 14719 | D:10     | Noticed a hill giant
 14749 | D:10     | Killed a hill giant
 14762 | D:10     | Reached skill level 9 in Dodging
 14900 | D:10     | Acquired Dithmenos' third power
 15230 | D:10     | Found a staircase to the Lair.
 15296 | D:10     | Reached skill level 10 in Dodging
 15573 | D:10     | Found a glowing silver altar of Zin.
 16305 | D:10     | Noticed a hill giant
 16314 | D:10     | Killed a hill giant
 16314 | D:10     | Reached XP level 11. HP: 61/61 MP: 20/22
 16347 | Lair:1   | Entered Level 1 of the Lair of Beasts
 16439 | Lair:1   | Reached skill level 1 in Fighting
 16593 | Lair:1   | Reached skill level 2 in Fighting
 16596 | Lair:1   | Noticed Gastronok
 16623 | Lair:1   | Killed Gastronok
 16623 | Lair:1   | Reached skill level 3 in Fighting
 16819 | Lair:1   | Reached skill level 4 in Fighting
 16897 | Lair:1   | Reached skill level 5 in Fighting
 17532 | Lair:2   | Found a dark tunnel.
 17550 | Volcano  | Entered a volcano
 17724 | Volcano  | Reached skill level 6 in Fighting
 17735 | Volcano  | Found a bloodstained altar of Trog.
 17899 | Volcano  | Found a bloodstained altar of Trog.
 18112 | Lair:2   | Found a basalt altar of Yredelemnul.
 18158 | Lair:2   | Reached skill level 7 in Fighting
 18491 | Lair:2   | Noticed a seven-headed hydra
 18523 | Lair:2   | Killed a seven-headed hydra
 19239 | Lair:3   | Reached skill level 8 in Fighting
 19439 | Lair:3   | Reached skill level 9 in Fighting
 19714 | Lair:3   | Got a pair of ancient gloves
 19717 | Lair:3   | Identified the +2 pair of gloves of Uddoanel {Stlth+} (You found it on level 3 of the Lair of Beasts)
 20442 | Lair:4   | Reached skill level 10 in Fighting
 20502 | Lair:4   | Noticed a catoblepas
 20524 | Lair:4   | Reached XP level 12. HP: 61/87 MP: 21/23
 20815 | Lair:4   | Identified 2 potions of resistance
 20986 | Lair:4   | Upgraded the game from 0.15.0-27-gbdb0435 to 0.15.0-29-ga8e3430
 21008 | Lair:4   | Found a blossoming altar of Fedhas.
 21164 | Lair:4   | Killed a catoblepas
 21164 | Lair:4   | Reached skill level 1 in Charms
 21190 | Lair:4   | Reached skill level 11 in Dodging
 21190 | Lair:4   | Reached skill level 2 in Charms
 21574 | Lair:4   | Found a staircase to the Swamp.
 22036 | Lair:4   | Found a hole to the Spider Nest.
 22064 | Lair:4   | Reached skill level 3 in Charms
 22706 | Lair:5   | Got a warped ring mail
 22717 | Lair:5   | Identified the -1 ring mail of the Ban {+Inv rF++} (You found it on level 5 of the Lair of Beasts)
 22777 | Lair:5   | Reached skill level 9 in Ice Magic
 22778 | Lair:5   | Noticed an ice dragon
 23193 | Lair:5   | Noticed Harold
 23209 | Lair:5   | Killed Harold
 23209 | Lair:5   | Reached skill level 2 in Evocations
 23290 | Lair:6   | Found a labyrinth entrance.
 23315 | Lab      | Entered a labyrinth
 23554 | Lab      | Reached skill level 3 in Evocations
 23760 | Lab      | Noticed a minotaur
 23796 | Lab      | Killed a minotaur
 23796 | Lab      | Reached skill level 4 in Evocations
 24175 | Lair:6   | Reached skill level 5 in Evocations
 24449 | Lair:6   | Noticed a seven-headed hydra
 24464 | Lair:6   | Killed a seven-headed hydra
 24464 | Lair:6   | Reached skill level 3 in Armour
 24918 | Lair:6   | Noticed Maud
 24940 | Lair:6   | Killed Maud
 24940 | Lair:6   | Reached skill level 4 in Armour
 25133 | Lair:6   | Killed a ravenous club mimic
 25133 | Lair:6   | Reached skill level 12 in Dodging
 25352 | Lair:6   | Reached skill level 5 in Armour
 25977 | Lair:7   | Noticed a seven-headed hydra
 25995 | Lair:7   | Killed a seven-headed hydra
 26278 | Lair:7   | Reached XP level 13. HP: 85/92 MP: 19/25
 26451 | Lair:7   | Acquired Dithmenos' fourth power
 26492 | Lair:7   | Found a viscous altar of Jiyva.
 26492 | Lair:7   | Found a staircase to the Slime Pits.
 26506 | Lair:7   | Reached skill level 6 in Armour
 27223 | Lair:8   | Entered Level 8 of the Lair of Beasts
 27565 | Lair:8   | Reached skill level 13 in Dodging
 27683 | Lair:8   | Found a staircase to the Slime Pits.
 27763 | Lair:8   | Reached skill level 7 in Armour
 28939 | Lair:8   | Reached skill level 8 in Armour
 29443 | Lair:8   | Reached skill level 14 in Dodging
 29778 | Lair:8   | Noticed a dire elephant
 30249 | Lair:8   | Killed a dire elephant
 30339 | Lair:8   | Reached skill level 4 in Charms
 30361 | Lair:8   | Got a crystal scimitar
 30376 | Lair:8   | Identified the +2 scimitar of Might {speed, +Blink rPois rF+} (You found it on level 8 of the Lair of Beasts)
 30905 | D:11     | Noticed a wizard
 30910 | D:11     | Killed a wizard
 30910 | D:11     | Reached skill level 5 in Charms
 31798 | D:12     | Noticed Nessos
 31832 | D:12     | Killed Nessos
 31832 | D:12     | Reached skill level 6 in Charms
 31832 | D:12     | Reached XP level 14. HP: 86/99 MP: 20/26
 31877 | D:12     | Noticed Maurice
 31921 | D:12     | Killed Maurice
 32033 | D:12     | Found a staircase to the Orcish Mines.
 32062 | D:12     | Reached skill level 7 in Charms
 32995 | D:12     | Reached skill level 8 in Charms
 33108 | Orc:1    | Entered Level 1 of the Orcish Mines
 33121 | Orc:1    | Found a burning altar of Makhleb.
 34504 | Orc:2    | Found a roughly hewn altar of Beogh.
 34551 | Orc:3    | Noticed Fannar
 34669 | Orc:3    | Killed Fannar
 34960 | Orc:3    | Found a staircase to the Elven Halls.
 35529 | Lair:2   | Reached skill level 9 in Charms
 35730 | Lair:5   | Killed an ice dragon
 35761 | Lair:5   | Identified a +3 rod of striking (9/9) (You found it on level 5 of the Lair of Beasts)
 36153 | Orc:4    | Entered Level 4 of the Orcish Mines
 36595 | Orc:3    | Reached skill level 13 in Long Blades
 36829 | Orc:4    | Noticed Joseph
 36841 | Orc:4    | Killed Joseph
 37293 | Orc:4    | Noticed Erolcha
 37535 | Orc:4    | Killed Erolcha
 37769 | Orc:4    | Noticed Urug
 37972 | Orc:4    | Killed Urug
 38828 | Orc:4    | Reached skill level 14 in Long Blades
 40934 | Orc:4    | Reached skill level 15 in Long Blades
 41069 | Orc:4    | Found Istru Pro's Weapon Boutique.
 41071 | Orc:4    | Found Shraggij's Food Shop.
 41073 | Orc:4    | Found Threcsea's Distillery.
 41075 | Orc:4    | Found Ocemuabe's Assorted Antiques.
 41085 | Orc:4    | Bought a potion of heal wounds for 33 gold pieces
 41085 | Orc:4    | Bought a potion of heal wounds for 33 gold pieces
 41085 | Orc:4    | Bought a potion of agility for 27 gold pieces
 41085 | Orc:4    | Bought a potion of haste for 77 gold pieces
 41612 | D:13     | Noticed Psyche
 41615 | D:13     | Killed Psyche
 42383 | D:14     | Reached skill level 16 in Long Blades
 42574 | D:14     | Reached XP level 15. HP: 86/103 MP: 27/27
 42715 | D:14     | Found a roughly hewn altar of Beogh.
 42917 | D:14     | Found a gate to the Vaults.
 42942 | D:14     | Reached skill level 10 in Charms
 43241 | D:14     | Reached skill level 11 in Charms
 43837 | D:15     | Entered Level 15 of the Dungeon
 44248 | D:15     | Reached skill level 12 in Charms
 44306 | D:15     | Learned a level 6 spell: Haste
 44577 | D:15     | Found a staircase to the Depths.
 44942 | D:15     | Found a portal to a secret trove of treasure.
 45102 | D:15     | Noticed Roxanne
 45143 | D:15     | Killed Roxanne
 45143 | D:15     | Reached skill level 13 in Charms
 45148 | D:15     | Identified Roxanne's Grimoire of Mutagenic Clay (You took it off Roxanne on level 15 of the Dungeon)
 46589 | Swamp:1  | Entered Level 1 of the Swamp
 47181 | D:6      | Bought a book of Ice for 650 gold pieces
 47182 | D:6      | Bought a scroll of identify for 20 gold pieces
 47182 | D:6      | Bought a potion of resistance for 70 gold pieces
 47648 | Swamp:1  | Reached skill level 3 in Spellcasting
 47774 | Swamp:1  | Reached skill level 10 in Ice Magic
 48228 | Swamp:1  | Reached skill level 4 in Spellcasting
 49307 | Swamp:2  | Reached skill level 5 in Spellcasting
 49323 | Swamp:2  | Got a twitching glass ring
 49324 | Swamp:2  | Identified the ring of Departure {rElec Stlth+} (You found it on level 2 of the Swamp)
 49843 | Swamp:3  | Noticed Frances
 49982 | Swamp:3  | Reached skill level 11 in Ice Magic
 50162 | Swamp:3  | Reached XP level 16. HP: 77/109 MP: 23/31
 50440 | Swamp:3  | Noticed Jorgrun
 51408 | Swamp:3  | Noticed Aizul
 51881 | Swamp:3  | Killed Aizul
 52215 | Swamp:3  | Killed Frances
 52246 | Swamp:3  | Reached skill level 12 in Ice Magic
 54010 | Swamp:4  | Reached skill level 13 in Ice Magic
 54185 | Swamp:5  | Entered Level 5 of the Swamp
 54185 | Swamp:5  | Found a frozen archway.
 54234 | IceCv    | Entered an ice cave
 54827 | IceCv    | Noticed an Ice Fiend
 54865 | IceCv    | Killed an Ice Fiend
 56250 | Swamp:5  | Reached skill level 11 in Fighting
 57377 | Swamp:5  | Reached skill level 12 in Fighting
 58398 | Swamp:5  | Killed from afar by a thorn hunter

Vanquished Creatures
  An Ice Fiend (IceCv)
  2 thorn hunters (Swamp:5)
  Roxanne (D:15)
  Aizul (Swamp:3)
  A very ugly thing (Swamp:5)
  A dire elephant (Lair:8)
  4 vault guards (D:14)
  A fire dragon (Lair:8)
  Fannar (Orc:3)
  2 hydras
  2 centaur warriors (D:14)
  Nessos (D:12)
  An ice dragon (Lair:5)
  5 alligators
  2 shambling mangroves
  4 death yaks (Lair:8)
  A tengu warrior (D:15)
  A deep troll shaman (Lair:8)
  2 catoblepae
  Urug (Orc:4)
  5 orc high priests (Orc:4)
  Erolcha (Orc:4)
  5 ice devils (IceCv)
  5 skeletal warriors (D:13)
  2 spriggan druids
  A giant orange brain (D:15)
  5 hill giants
  5 swamp dragons
  An unseen horror (D:14)
  2 ice statues (IceCv)
  A wizard (D:11)
  An orb spider (shapeshifter) (D:15)
  12 orc knights
  A harpy (Lair:8)
  A red wasp (Swamp:4)
  2 orc sorcerers
  8 ugly things
  2 manticores (Lair:8)
  3 cyclopes
  3 griffons
  18 slime creatures
  A wolf spider (Lair:4)
  8 elephants
  A salamander (shapeshifter) (D:14)
  Maurice (D:12)
  3 black mambas (Lair:8)
  A torpor snail (Lair:8)
  A centaur zombie (D:15)
  2 feature mimics
  An octopode (shapeshifter) (D:15)
  A centaur skeleton (D:13)
  Psyche (D:13)
  2 efreet
  An item mimic (D:9)
  6 komodo dragons
  2 orange demons (Swamp:5)
  17 spiny frogs
  2 kobold demonologists
  A tengu conjurer (D:15)
  A jumping spider (Lair:4)
  A freezing wraith (D:14)
  5 fire drakes
  5 blue devils (IceCv)
  A hydra zombie (D:14)
  A deep elf priest (D:15)
  11 giant leeches
  14 blink frogs
  Prince Ribbit (D:8)
  3 polar bears (Lair:8)
  2 two-headed ogres
  10 bog bodies
  3 baby alligators
  A boulder beetle (Lair:5)
  7 trolls
  16 ravens
  A raven (shapeshifter) (D:15)
  2 spriggans
  A griffon skeleton (D:14)
  5 basilisks
  A tarantella (shapeshifter) (D:15)
  5 wyverns
  3 deep elf magi (D:15)
  A centaur simulacrum (D:14)
  3 fire bats (Lair:3)
  4 shadows
  8 yaks
  A hill giant skeleton (D:12)
  11 deep elf fighters
  8 hippogriffs
  4 hungry ghosts
  15 vampire mosquitoes
  3 wargs
  8 wolves
  34 orc warriors
  20 swamp worms
  2 soldier ants
  7 porcupines
  12 water moccasins
  A wandering mushroom (Lair:5)
  6 sky beasts
  14 swamp drakes
  2 hell hounds (Lair:8)
  2 spiders
  13 ice beasts
  A phantom (Swamp:2)
  3 yellow wasps
  3 black bears
  A boring beetle (Lair:7)
  15 centaurs
  Sigmund (D:6)
  20 crocodiles
  16 ogres
  12 giant frogs
  37 insubstantial wisps
  A cyclops zombie (D:9)
  A cyclops skeleton (D:12)
  4 scorpions
  A hippogriff zombie (D:12)
  An eye of draining (D:14)
  12 killer bees
  2 lava snakes (D:13)
  3 electric eels
  A yak skeleton (D:9)
  7 crimson imps
  A goliath beetle (D:10)
  A giant frog zombie (D:12)
  A quasit (D:10)
  A black bear zombie (D:5)
  2 elf zombies
  11 jellies
  31 orc priests
  11 hounds
  24 orc wizards
  A kobold skeleton (D:14)
  17 iguanas
  A two-headed ogre skeleton (D:11)
  9 worker ants
  3 orange rats (D:8)
  4 sheep (Lair:8)
  A hound zombie (D:5)
  A worker ant zombie (D:5)
  A mummy (D:7)
  40 adders
  4 gnolls (D:5)
  6 white imps (IceCv)
  3 giant mites
  39 green rats
  10 shadow imps
  A worm (D:4)
  3 ufetubi (IceCv)
  An iguana skeleton (D:11)
  7 giant geckos
  3 oozes
  167 orcs
  A bat zombie (D:5)
  5 giant cockroaches
  17 goblins
  21 hobgoblins
  14 jackals
  26 kobolds
  14 quokkas
  2 ball pythons
  20 bats
  9 giant newts
  A giant spore (D:7)
  2 hobgoblin skeletons
  A kobold zombie (D:9)
  4 orc zombies
  44 rats
  A rat skeleton (D:4)
  A rat zombie (D:7)
  7 ballistomycetes
  A fungus (Swamp:3)
  3 plants (Sewer)
1191 creatures vanquished.

Vanquished Creatures (collateral kills)
  Frances (Swamp:3)
  A thorn hunter (Swamp:5)
  Maud (Lair:6)
  Gastronok (Lair:1)
  A green death (Swamp:5)
  A minotaur (Lab)
  A ravenous item mimic (Lair:6)
  Harold (Lair:5)
  20 hydras
  A centaur warrior (D:15)
  A catoblepas (Lair:6)
  A swamp dragon (Swamp:1)
  A spriggan druid (Swamp:5)
  2 ugly things
  A red wasp (Swamp:2)
  A griffon (D:15)
  2 black mambas
  7 spiny frogs
  Joseph (Orc:4)
  6 elephants
  A centaur zombie (D:14)
  An orange demon (Swamp:3)
  8 komodo dragons
  6 fire drakes
  The ghost of Psiweapon the Insei, an experienced GrTm (D:4)
  2 trolls
  A giant leech (Swamp:3)
  A polar bear (Lair:7)
  2 basilisks (Lair:8)
  5 baby alligators
  23 slime creatures
  14 blink frogs
  6 ravens
  2 wyverns
  A spriggan (Swamp:4)
  13 yaks
  4 hippogriffs (Lair:8)
  A deep elf mage (D:11)
  6 vampire mosquitoes
  2 fire bats
  2 wolves (Lair:6)
  10 swamp worms
  3 hungry ghosts (Lab)
  9 water moccasins
  4 orc warriors
  A porcupine (Lair:2)
  A soldier ant (D:9)
  3 ice beasts (Swamp:5)
  A phantom (Swamp:4)
  2 yellow wasps
  4 crocodiles
  2 centaurs
  2 giant frogs
  A big kobold (D:9)
  A brain worm (D:9)
  2 insubstantial wisps (Swamp:5)
  An eye of draining (D:10)
  An electric eel (D:15)
  A goliath beetle (D:6)
  A lava snake (Volcano)
  A hound (Lair:3)
  5 jellies (Lair:8)
  5 orc priests
  A quasit (D:9)
  6 orc wizards
  An iguana (Lair:3)
  2 orange rats (Lair:7)
  7 sheep (Lair:8)
  3 adders
  26 green rats
  A shadow imp (D:15)
  A white imp (IceCv)
  An ufetubus (IceCv)
  An ooze (Lair:8)
  22 orcs
  3 bats (D:10)
  A quokka (Lair:3)
  A kobold (D:9)
  An orc zombie (D:9)
  2 rats (D:10)
295 creatures vanquished.

Vanquished Creatures (others)
  A tengu conjurer (D:15)
  An air elemental (Swamp:3)
  A giant leech (Swamp:2)
  A spriggan (Swamp:2)
  2 deep elf fighters (D:15)
  An ogre (D:13)
  A yellow wasp (Swamp:2)
  186 ice beasts
  2 white imps (IceCv)
  4 ufetubi (IceCv)
  2 orcs
  3 giant spores
  22 fungi
  5 plants
232 creatures vanquished.

Grand Total: 1718 creatures vanquished
